 Dungeon Crawl Stone Soup version 0.26-a0-1040-gbe3abf3417 (webtiles) character file.

Game seed: 12903043368562025851

103 tzalcoatl the Cutter (level 5, -9/36 HPs)
             Began as a Halfling Abyssal Knight on Dec 12, 2020.
             Was a Believer of Lugonu.
             Killed by divine providence
             ... invoked by an orc priest
              (16 damage)
             ... on level 2 of the Dungeon.
             The game lasted 00:10:46 (1890 turns).

tzalcoatl the Cutter (Halfling Abyssal Knight)      Turns: 1890, Time: 00:10:47

Health: -9/36      AC:  8    Str: 14    XL:     5   Next: 6%
Magic:  6/7        EV: 12    Int: 10    God:    Lugonu [**....]
Gold:   157        SH:  0    Dex: 14    Spells: 4/4 levels left

rFire    . . .     SeeInvis .   a - +2 dagger (freeze)
rCold    . . .     Faith    .   (shield restricted)
rNeg     . . .     Spirit   .   j - +0 scale mail
rPois    .         Reflect  .   p - +0 helmet
rElec    .         Harm     .   (no cloak)
rCorr    .         Rampage  .   k - +0 pair of gloves
Will     .....     Rnd*Tele +   (no boots)
Stlth    ..........             (no amulet)
HPRegen  0.12/turn              l - +4 ring of slaying
MPRegen  0.10/turn              q - ring of teleportation (curse)

@: no status effects
A: small, mutation resistance 1
a: Depart the Abyss, Bend Space, Renounce Religion


You were on level 2 of the Dungeon.
You worshipped Lugonu.
Lugonu was pleased with you.
You visited 1 branch of the dungeon, and saw 3 of its levels.
You visited the Abyss 1 time.

You collected 157 gold pieces.

Inventory:

Hand Weapons
 a - a +2 dagger of freezing (weapon)
Missiles
 f - 49 stones (quivered)
 i - 24 sling bullets
 m - 2 atropa-tipped darts
 o - 2 datura-tipped darts
Armour
 j - a +0 scale mail (worn)
 k - a +0 pair of gloves (worn)
 p - a +0 helmet (worn)
Jewellery
 l - a +4 ring of slaying (left hand)
 q - a cursed ring of teleportation (right hand)
Scrolls
 b - 2 scrolls of remove curse
 e - a scroll of blinking {unknown}
 h - 2 scrolls of teleportation
 n - a scroll of fear {unknown}
 s - a scroll of magic mapping {unknown}
Potions
 c - a potion of curing
 d - a potion of resistance
 g - a potion of mutation {unknown}
 r - a potion of brilliance {unknown}


   Skills:
 - Level 3.0 Fighting
 * Level 4.1 Short Blades
 - Level 2.1 Armour
 + Level 2.4 Dodging
 + Level 3.1 Invocations


You had 4 spell levels left.
You didn't know any spells.
Your spell library was empty.

Dungeon Overview and Level Annotations

Branches:
Dungeon (3/15)

Altars:
Uskayaw


Innate Abilities, Weirdness & Mutations

You are small and have problems with some larger weapons.
You are somewhat resistant to further mutation.


Message History

Lugonu accepts your kill.
An orc wizard comes into view. It is wielding a +0 dagger.
An orc priest comes into view. It is wielding a +0 antimagic flail.
The orc priest closely misses you.
You see here an orc corpse.
The orc priest begins to cast a cantrip, but forgets the words!
There is a stone staircase leading up here.
The orc priest invokes the aid of Beogh against you.
Pain shoots through your body!
You climb upwards.
There is a stone staircase leading down here.
You hit the orc priest. You freeze the orc priest.
The orc priest is moderately wounded.
The orc priest invokes the aid of Beogh against you.
Beogh smites you!
* * * LOW HITPOINT WARNING * * *
Space bends around you!
You blink.
The orc priest mumbles some strange prayers to Beogh against you.
Beogh smites you!
You die...

♣≈≈♣♣♣♣........##...)##.##.##.#
♣♣≈P♣♣♣♣♣.....##..#####.##.##.#
♣♣♣≈≈≈≈♣P♣P.##..##.## #.##.##..
≈≈≈≈≈≈≈≈≈≈..##.###.# #.#..##..
≈.♣...≈♣≈♣♣###..##.# #.#.##..#
♣♣♣P≈♣♣♣♣♣ ###..##.# #.#.#..##
♣♣≈≈♣♣♣###.......######.#...##
♣♣≈♣♣♣...§o................##
♣≈≈P♣#.....###@#######.#..#####
♣P.♣♣..######..# #.#.......
###..#...# #....# #...######
.......#.# ##.##.#######.###
####.....###..##.......#.#
#....###..#########...## #...##
#.## #....# #...#
#.##########....####### #...#
#......................


You could see an orc priest.

Vanquished Creatures
  Jessica (D:2)
  Robin (D:1)
  An adder (D:2)
  A dart slug (D:1)
  2 orcs (D:3)
  6 giant cockroaches
  12 hobgoblins
  4 bats
  A frilled lizard (D:2)
  10 goblins
  6 kobolds
  3 rats
48 creatures vanquished.

Notes
Turn   | Place    | Note
-------+----------+-------------------------------------------
     0 | Abyss:1  | tzalcoatl the Halfling Abyssal Knight began the quest for
                  | the Orb.
     0 | Abyss:1  | Reached XP level 1. HP: 15/15 MP: 2/2
    81 | Abyss:1  | Found a corrupted altar of Lugonu.
    99 | D:1      | Escaped the Abyss
   497 | D:1      | Reached XP level 2. HP: 20/20 MP: 3/3
   746 | D:1      | Reached XP level 3. HP: 26/26 MP: 4/4
   986 | D:2      | Noticed Robin
  1030 | D:1      | Reached skill level 3 in Short Blades
  1034 | D:1      | Reached ** piety under Lugonu
  1183 | D:1      | Killed Robin
  1254 | D:2      | Reached XP level 4. HP: 31/31 MP: 6/6
  1361 | D:2      | Found a hide-covered altar of Uskayaw.
  1586 | D:2      | Noticed Jessica
  1603 | D:2      | Killed Jessica
  1604 | D:2      | Reached skill level 4 in Short Blades
  1637 | D:2      | Reached XP level 5. HP: 36/36 MP: 7/7
  1890 | D:2      | Killed from afar by an orc priest

Illustrated notes

Levels and vault maps discovered:
D:1:      heliophobic_arrival_battle_scene, layout_loops_ring
D:2:      layout_rooms, general_overflow_altar, serial_bayou_crossing,
          uniq_robin, uniq_jessica
D:3:      layout_basic, chequers_ecumenical_altar_island

Skill      XL: |  1  2  3  4 |
---------------+-------------+-----
Fighting       | 3 |  3.0
Dodging        | 2 |  2.4
Short Blades   | 3 4 |  4.1
Invocations    | 3 |  3.1
Armour         | |  2.1

Action                   |  1- 3 |  4- 6 || total
-------------------------+-------+-------++-------
Melee: Short sword       |    37 |       ||    37
       Dagger            |    61 |    39 ||   100
Throw: Stone             |     8 |       ||     8
Invok: Bend Space        |       |     1 ||     1
  Use: Scroll            |       |     4 ||     4
Armor: Leather armour    |     4 |       ||     4
       Scale mail        |    30 |    14 ||    44
Dodge: Dodged            |    56 |    16 ||    72

Table legend: (Time is in decaauts)
 A = Elapsed time spent in this place.
 B = Non-inter-level travel time spent in this place.
 C = Inter-level travel time spent in this place.
 D = Time resting spent in this place.
 E = Time spent auto-exploring this place.
 F = Levels seen in this place.
 G = Mean time per level.
                   A        B        C        D        E       F      G
               +--------+--------+--------+--------+--------+-----+--------+
         Total |   1893 |   1849 |     44 |    177 |   1130 |   4 |  473.2 |
       Dungeon |   1794 |   1750 |     44 |    177 |   1092 |   3 |  598.0 |
         Abyss |     99 |     99 |      0 |      0 |     38 |   1 |   99.0 |
               +--------+--------+--------+--------+--------+-----+--------+

Top non-repeatable levels by time:
     D:1: 1125 daAuts
     D:2: 630 daAuts
 Abyss:1: 99 daAuts
     D:3: 38 daAuts
